 Dungeon Crawl Stone Soup version 0.27.1 (webtiles) character file.

Game seed: 2413136246355789409

37 Rickety the Sneak (level 3, -1/18 HPs)
             Began as a Spriggan Brigand on Sept 3, 2021.
             Slain by Terence (8 damage)
             ... on level 2 of the Dungeon.
             The game lasted 00:03:31 (1711 turns).

Rickety the Sneak (Spriggan Brigand)                Turns: 1711, Time: 00:03:31

Health: -1/18      AC:  3    Str:  7    XL:     3   Next: 23%
Magic:  4/4        EV: 17    Int: 12    God:
Gold:   45         SH:  0    Dex: 17    Spells: 2/2 levels left

rFire    . . .     SeeInvis +   a - +2 dagger
rCold    . . .     Faith    .   (shield restricted)
rNeg     . . .     Spirit   .   b - +0 robe
rPois    .         Reflect  .   (helmet restricted)
rElec    .         Harm     .   c - +0 cloak
rCorr    .         Rampage  .   (gloves unavailable)
Will     .....                  (boots unavailable)
Stlth    ++++......             (no amulet)
HPRegen  0.06/turn              (no ring)
MPRegen  0.09/turn              (no ring)

@: very quick
A: very small, no large weapons, unfitting armour, see invisible, speed 3
a: no special abilities


You were on level 2 of the Dungeon.
You visited 1 branch of the dungeon, and saw 2 of its levels.

You collected 45 gold pieces.

Inventory:

Hand Weapons
 a - a +2 dagger (weapon)
Missiles
 d - 8 poisoned darts (quivered)
 e - 2 curare-tipped darts
Armour
 b - a +0 robe (worn)
 c - a +0 cloak (worn)
Jewellery
 g - an amulet of faith
Scrolls
 f - a scroll of enchant armour {unknown}
 i - a scroll of noise {unknown}
 k - a scroll of identify {unknown}
 m - a scroll of amnesia {unknown}
Potions
 h - a potion of brilliance {unknown}
 j - a potion of might {unknown}
 l - a potion of flight {unknown}


   Skills:
 + Level 1.6 Fighting
 + Level 2.3 Short Blades
 + Level 2.2 Throwing
 + Level 2.0 Dodging
 * Level 7.1 Stealth


You had 2 spell levels left.
You didn't know any spells.
Your spell library was empty.

Dungeon Overview and Level Annotations

Branches:
Dungeon (2/15)

Altars:

Annotations:
D:2 Terence


Innate Abilities, Weirdness & Mutations

You are very small and have problems with some larger weapons.
You are too small for most types of armour.
You have supernaturally acute eyesight. (SInv)
You cover ground extremely quickly. (Speed+++)


Message History

A ball python comes into view.
Terence the Incautious comes into view.
He is wielding a +0 short sword.
The helpless rat fails to defend itself.
You impale the rat!!
You kill the rat!
You hit the ball python but do no damage.
The ball python closely misses you. The ball python misses you.
You hit the ball python.
The ball python is moderately wounded.
The ball python bites you. The ball python grabs you.
The ball python constricts you.
You barely miss the ball python.
The ball python is moderately wounded.
Terence shouts!
The ball python barely misses you. The ball python constricts you.
You hit the ball python.
The ball python is heavily wounded.
A goblin comes into view. It is wielding a +0 club.
The ball python closely misses you. The ball python constricts you.
The goblin shouts!
You hit the ball python.
You kill the ball python!
You hit Terence but do no damage. Terence hits you with a +0 short sword.
You closely miss Terence. Terence closely misses you.
You closely miss Terence. Terence closely misses you.
You hit Terence.
Terence is lightly wounded.
Terence barely misses you.
You barely miss Terence.
Terence is lightly wounded.
Terence completely misses you.
You hit Terence.
Terence is moderately wounded.
You barely miss Terence.
Terence is moderately wounded.
Terence hits you with a +0 short sword.
You hit Terence.
Terence is heavily wounded.
Terence hits you with a +0 short sword!
You die...

### #.# #########
#.# #<....... ..#
######### #g# #@#
#@# #.# #.#
###.##### #.......#
#.......#
.##########.......#
..........[.......#
#####
.#####..###.......#
#....


You could see Terence and a goblin.

Vanquished Creatures
  A dart slug (D:1)
  2 endoplasms (D:2)
  4 goblins
  5 hobgoblins
  4 kobolds
  A quokka (D:1)
  4 ball pythons
  7 bats
  5 rats
  A spectral goblin (D:1)
34 creatures vanquished.

Notes
Turn   | Place    | Note
-------+----------+-------------------------------------------
     0 | D:1      | Rickety the Spriggan Brigand began the quest for the Orb.
     0 | D:1      | Reached XP level 1. HP: 10/10 MP: 2/2
    36 | D:1      | Reached skill level 6 in Stealth
   219 | D:1      | Found a faded altar of an unknown god.
   384 | D:1      | Reached XP level 2. HP: 14/14 MP: 3/3
  1052 | D:1      | Reached skill level 7 in Stealth
  1402 | D:2      | Reached XP level 3. HP: 18/18 MP: 4/4
  1694 | D:2      | Noticed Terence
  1711 | D:2      | Slain by Terence

Illustrated notes

Levels and vault maps discovered:
D:1:      erik_arrival_triangle_huge, layout_basic,
          dreamdust_ecumenical_altar_drowned_temple
D:2:      layout_basic, basic_altar, uniq_terence

Skill      XL: |  1  2  3 |
---------------+----------+-----
Stealth        | 6 7 |  7.1
Dodging        | 2 |  2.0
Fighting       | |  1.6
Short Blades   | |  2.3
Throwing       | |  2.2

Action                   || total
-------------------------++-------
Melee: Dagger            ||   111
 Stab: Sleeping          ||    10
Armor: Robe              ||    23
Dodge: Dodged            ||    86
